 Dungeon Crawl Stone Soup version 0.29-a0-321-gf1c400731a (webtiles) character file.

Game seed: 5195625966967857956

49 Murumi the Bolt Thrower (level 4, 0/33 HPs)
             Began as a Djinni Hunter on Apr 3, 2022.
             Slain by an orc
             ... wielding a +0 whip
              (3 damage)
             ... on level 4 of the Dungeon.
             The game lasted 00:03:49 (1362 turns).

Murumi the Bolt Thrower (Djinni Hunter)             Turns: 1362, Time: 00:03:50

Health: 0/33       AC:  5    Str: 10    XL:     4   Next: 1%
Gold:   85         EV: 11    Int: 10    God:
                   SH:  0    Dex: 19

rFire   + + .      SeeInvis .   a - +0 dagger
rCold   x . .      Faith    .   (no shield)
rNeg    . . .      Spirit   .   i - +0 ring mail
rPois   ∞          Reflect  .   (no helmet)
rElec   .          Harm     .   (no cloak)
rCorr   .          Rampage  .   (no gloves)
Will    .....                   (boots unavailable)
Stlth   +.........              (no amulet)
HPRegen 0.11/turn               (no ring)
MPRegen 0.00/turn               (no ring)

@: flying
A: sickness immunity, fire resistance 2, cold vulnerability 1, float, innate
caster, HP casting, extra vitality 1
a: no special abilities


You were on level 4 of the Dungeon.
You visited 1 branch of the dungeon, and saw 3 of its levels.

You collected 85 gold pieces.

Inventory:

Hand Weapons
 a - a +0 dagger (weapon)
 f - a +2 hand crossbow
Armour
 i - a +0 ring mail (worn)
Scrolls
 c - 2 scrolls of immolation
Potions
 d - 3 potions of berserk rage {unknown}
 e - 2 potions of curing {unknown}
 g - a potion of experience {unknown}
 h - a potion of attraction {unknown}


   Skills:
 - Level 2.0 Fighting
 - Level 4.0 Crossbows
 + Level 0.6 Armour
 - Level 3.0 Dodging
 - Level 1.0 Stealth


You had 2 spell levels left.
You knew the following spells:

 Your Spells              Type           Power      Damage    Failure   Level
a - Beastly Appendage     Tmut           0%         N/A       69%         1
Your spell library was empty.

Dungeon Overview and Level Annotations

Branches:
Dungeon (2/15)

Altars:
Ashenzari


Innate Abilities, Weirdness & Mutations

You are immune to sickness and miasma.
You are immune to poison.
Your flesh is very heat resistant. (rF++)
You are vulnerable to cold. (rC-)
You float through the air rather than walking.
You learn spells naturally, not from books.
Your magical power is your life essence.
You have superior vitality. (+4 MHP)


Message History

You are too injured to fight recklessly!
You are too injured to fight recklessly!
You are too injured to fight recklessly!
You are too injured to fight recklessly!
You closely miss the orc. The orc barely misses you.
You barely miss the orc. The orc hits you but does no damage.
You hit the orc but do no damage. The orc barely misses you.
You hit the orc.
The orc is lightly wounded.
The orc misses you.
You hit the orc but do no damage.
The orc is lightly wounded.
The orc hits you with a +0 club.
* * * LOW HITPOINT WARNING * * *
You hit the orc but do no damage.
An orc comes into view. It is wielding a +0 short sword.
The orc shouts!
You hit the orc.
The orc is heavily wounded.
You completely miss the orc.
The orc is heavily wounded.
The orc hits you with a +0 hand axe.
* * * LOW HITPOINT WARNING * * *
You hit the orc.
You kill the orc!
You have reached level 4!
You feel agile.
You closely miss the orc. The orc barely misses you.
You hit the orc but do no damage. The orc hits you but does no damage.
You hit the orc but do no damage. Your punch misses the orc.
The orc misses you.
You hit the orc but do no damage. The orc hits you with a +0 whip.
* * * LOW HITPOINT WARNING * * *
You hit the orc.
The orc is lightly wounded.
The orc hits you with a +0 whip.
* * * LOW HITPOINT WARNING * * *
You closely miss the orc.
The orc is lightly wounded.
The orc hits you with a +0 whip.
You die...

. #...............P.### ..
#..#............P.#..
...#..#..#.#....)..P....
........#####......P...#
........##.###.......#
.....................#
.........##.........##
.........#...#...####
......##.#@####..### ###
......####o# #....###.####
..).....##oo######..##..#..#
..####.#....##.###....#....
#..###.........###....#....
#...###...................# #
###...# ##....#............##
##.##.#...## #.._.#..PP........#
...........###....#..PP........#


You could see 3 orcs.

Vanquished Creatures
  An orc wizard (D:4)
  An adder (D:4)
  An orc (D:4)
  An endoplasm (D:1)
  2 hobgoblins (D:1)
  A quokka (D:1)
  4 ball pythons (D:1)
  2 frilled lizards
  3 kobolds
  A rat (D:1)
17 creatures vanquished.

Notes
Turn   | Place    | Note
-------+----------+-------------------------------------------
     0 | D:1      | Murumi the Djinni Hunter began the quest for the Orb.
     0 | D:1      | Reached XP level 1. HP: 18/18 MP: 0/0
    23 | D:1      | Reached skill level 1 in Stealth
   207 | D:1      | Found a faded altar of an unknown god.
   211 | D:1      | Reached XP level 2. HP: 23/23 MP: 0/0
  1036 | D:2      | You are sucked into a shaft and drop 2 floors!
  1047 | D:4      | Found a broken altar of Ashenzari.
  1105 | D:4      | Reached XP level 3. HP: 12/28 MP: 0/0
  1105 | D:4      | Learned a level 1 spell: Beastly Appendage
  1296 | D:4      | Reached skill level 4 in Crossbows
  1357 | D:4      | Reached XP level 4. HP: 8/33 MP: 0/0
  1362 | D:4      | Slain by an orc

Illustrated notes

Levels and vault maps discovered:
D:1:      spicycebolla_arrival_xxxplode, layout_basic,
          nicolae_ecumenical_snake_handling, serial_co_window_serial,
          co_window_paths_a, co_window_paths_a, co_window_of_opportunity_a,
          co_window_corner_a, co_window_of_opportunity_a, co_window_2corner,
          co_window_broadway_c, co_window_broadway_c
D:2:      layout_loops_ring, serial_shops, shop, kennysheep_generic_room_15
D:4:      layout_cave_pools, mainiacjoe_overflow_boulevard,
          mainiacjoe_overflow_chevrons, serial_shops, shop, dk_vineyard_2,
          uniq_menkaure

Skill      XL: |  1  2  3 |
---------------+----------+-----
Stealth        | 1 |  1.0
Crossbows      | 4 |  4.0
Dodging        | 3 |  3.0
Fighting       | |  2.0
Armour         | |  0.6

Action                   |  1- 3 |  4- 6 || total
-------------------------+-------+-------++-------
Melee: Dagger            |    23 |     6 ||    29
 Fire: Hand crossbow     |    30 |       ||    30
  Use: Scroll            |     1 |       ||     1
Armor: Ring mail         |     7 |     1 ||     8
Dodge: Dodged            |    13 |     2 ||    15

Table legend: (Time is in decaauts)
 A = Elapsed time spent in this place.
 B = Non-inter-level travel time spent in this place.
 C = Inter-level travel time spent in this place.
 D = Time resting spent in this place.
 E = Time spent auto-exploring this place.
 F = Levels seen in this place.
 G = Mean time per level.
                   A        B        C        D        E       F      G
               +--------+--------+--------+--------+--------+-----+--------+
         Total |   1371 |   1356 |     15 |      0 |   1212 |   3 |  457.0 |
       Dungeon |   1371 |   1356 |     15 |      0 |   1212 |   3 |  457.0 |
               +--------+--------+--------+--------+--------+-----+--------+

Top non-repeatable levels by time:
     D:1: 928 daAuts
     D:4: 328 daAuts
     D:2: 115 daAuts
